Cogmind - Beta 16.1 @@@ ROGUE MODE // 2026.04.17 @ 08:17:01 Player: ae Result: Escaped! Performance ------------- Evolutions (9) 4500 Regions Visited (14) 2800 Robots Destroyed (85) 425 Value Destroyed (1361) 1361 Prototype IDs (32) 640 Alien Tech Used (0) 0 Bonus (3377) 3377 TOTAL SCORE: 13103 Bonus ------- Aligned with FarCom 300 Win 3000 Win Speed 77 Cogmind --------- Core Integrity 1468/1600 Matter 183/300 Energy 126/150 System Corruption 0% Temperature Cool (3) Movement Flying (30) Location To Epsilon Eridani Parts ------- > --- POWER (2) -------- Micro Fission Core > --- PROPULSION (8) --- Diametric Drive Q-thruster Q-thruster > --- UTILITY (13) ----- Advanced Cooling System Machine Analyzer Terrain Scanner Terrain Scan Processor Improved Transmission Jammer Improved Cloaking Device Hacking Suite Hacking Suite Hacking Suite Improved Hacking Suite Improved Hacking Suite Experimental Hacking Suite System Shield > --- WEAPON (2) ------- Matter Neutralizer > --- INVENTORY (5) ---- Micro Antimatter Reactor Antigrav Array Structural Scanner Hypervelocity Railgun Peak State ------------ > --- POWER ------------ Micro Fission Core Micro Antimatter Reactor > --- PROPULSION ------- Impulse Thruster Advanced Surge Thruster Diametric Drive Q-thruster Q-thruster Impulse Thruster Array > --- UTILITY ---------- Advanced Cooling System Large Storage Unit Machine Analyzer Terrain Scanner Modified TNC Improved Transmission Jammer Improved Cloaking Device Hacking Suite Hacking Suite Hacking Suite Improved Hacking Suite Experimental Hacking Suite System Shield > --- WEAPON ----------- Matter Neutralizer > --- INVENTORY -------- Light Ion Engine Antigrav Array Medium Storage Unit Advanced Sensor Array Advanced Signal Interpreter Terrain Scanner Stasis Canceller Advanced ECM Suite Hacking Suite Phase Cannon Hypervelocity Railgun Hypervelocity Railgun Compact Tesla Bomb Launcher [Rating: 137] Favorites ----------- Power Backup Power VII Engine Light Ion Engine Power Core Backup Power VII Reactor Micro Antimatter Reactor Propulsion Improved Flight Unit Treads Light Treads Flight Unit Improved Flight Unit Utility Hacking Suite Device Structural Scanner Storage Medium Storage Unit Processor Transport Network Coupler Hackware Hacking Suite Protection Improved Light Armor Plating Weapon Chainsword Energy Gun Small Laser Energy Cannon Matter Neutralizer Ballistic Gun Light Assault Rifle Ballistic Cannon Light Cannon Launcher Compact Tesla Bomb Launcher Impact Weapon Heavy Hammer Slashing Weapon Chainsword Build | -11 -10 -10 -9 -9 -9 -8 -8 -7 -6 -5 -4 -3 -2 -1 ------- Run | Yrd Mat Min Mat Min Exi Min Mat Fac Fac Fac Fac Res Res Acc Slots Evolved 18 | . . . 2 . . . 2 2 2 2 2 2 2 2 Power 1 | . . . . . . . . 1 . . . . . . Propulsion 6 | . . . 2 . . . . 1 . 1 1 . 1 . Utility 11 | . . . . . . . 2 . 2 1 1 2 1 2 Weapon . | . . . . . . . . . . . . . . . Parts Attached 86 | 4 4 1 4 5 . . 5 13 12 5 5 5 15 8 Power 5 | . . . . 1 . . . 2 . . . . 2 . Engine 1 | . . . . 1 . . . . . . . . . . Core 3 | . . . . . . . . 2 . . . . 1 . Reactor 1 | . . . . . . . . . . . . . 1 . Propulsion 36 | 2 2 1 4 1 . . 1 5 6 2 3 3 5 1 Treads 2 | 2 . . . . . . . . . . . . . . Leg . | . . . . . . . . . . . . . . . Wheel . | . . . . . . . . . . . . . . . Hover . | . . . . . . . . . . . . . . . Flight 34 | . 2 1 4 1 . . 1 5 6 2 3 3 5 1 Utility 33 | 1 1 . . 2 . . 2 4 6 1 2 2 5 7 Device 14 | 1 1 . . 2 . . . 1 3 1 . . 1 4 Storage 2 | . . . . . . . 1 . . . . . . 1 Processor 6 | . . . . . . . 1 1 1 . . 1 1 1 Hackware 9 | . . . . . . . . . 2 . 2 1 3 1 Protection 2 | . . . . . . . . 2 . . . . . . Artifact . | . . . . . . . . . . . . . . . Weapon 12 | 1 1 . . 1 . . 2 2 . 2 . . 3 . Energy Gun 1 | . 1 . . . . . . . . . . . . . Energy Cannon 4 | . . . . . . . 1 . . 1 . . 2 . Ballistic Gun 1 | 1 . . . . . . . . . . . . . . Ballistic Cannon 2 | . . . . 1 . . . 1 . . . . . . Launcher 2 | . . . . . . . . . . 1 . . 1 . Special Weapon . | . . . . . . . . . . . . . . . Impact Weapon 1 | . . . . . . . 1 . . . . . . . Slashing Weapon 1 | . . . . . . . . 1 . . . . . . Piercing Weapon . | . . . . . . . . . . . . . . . Special Melee Weapon . | . . . . . . . . . . . . . . . Unidentified Prototypes 7 | . . . 1 1 . . . 1 . 1 1 . 2 . Parts Lost 19 | . . . . 2 . . . . 1 . 1 . 11 4 Power 2 | . . . . . . . . . . . . . 2 . Propulsion 10 | . . . . 1 . . . . . . . . 5 4 Utility 5 | . . . . 1 . . . . 1 . 1 . 2 . Weapon 2 | . . . . . . . . . . . . . 2 . Highest Loss Streak 11 | . . . . 2 . . . . 1 . 1 . 11 3 To Critical Strikes . | . . . . . . . . . . . . . . . Average Backups 7 | 3 4 3 3 4 4 3 5 8 8 9 9 9 7 12 Power . | . . . . . 1 . . 1 1 1 1 1 . . Propulsion 1 | 1 2 2 1 2 1 2 2 2 2 1 2 3 . . Utility 3 | . 1 . . . . 1 1 4 4 5 4 3 4 7 Weapon 1 | 1 1 1 1 1 . . . 1 1 2 1 1 1 3 Tool/Special . | . . . . . . . . . . . . . . . Unused Backups 28 | 1 2 1 . . 1 2 1 2 1 2 2 1 . 12 Power 5 | . . . . . . 2 . 1 . . . 1 . 1 Propulsion 8 | . 2 . . . . . . 1 . 1 1 . . 3 Utility 11 | . . 1 . . . . 1 . 1 1 1 . . 6 Weapon 4 | 1 . . . . 1 . . . . . . . . 2 Tool/Special . | . . . . . . . . . . . . . . . Average Slot Usage (%) 87 | . 63 71 76 96 100 100 95 82 85 93 94 93 79 84 Engine 3 | . . . . 9 11 11 9 . 1 . . . . . Core 4 | . . . . . . . . 6 7 11 10 9 4 4 Flight 32 | . 6 28 43 44 44 44 36 37 33 35 34 28 22 22 Device 14 | . 19 28 22 20 22 22 16 11 19 10 7 4 3 12 Storage 5 | . . . . . . . 8 7 6 5 5 4 4 3 Processor 5 | . . . . . . . 8 7 3 5 5 9 10 8 Hackware 8 | . . . . . . . . . 5 11 17 22 25 25 Protection 1 | . . . . . . . . 1 . 5 5 4 . . Energy Cannon 1 | . . . . . . . 1 . . . 2 4 2 3 Ballistic Gun 3 | . 14 14 11 11 11 11 7 . . . . . . . Ballistic Cannon 1 | . . . . 10 11 11 1 . . . . . . . Impact Weapon 1 | . . . . . . . 6 . . . . . . . Slashing Weapon 2 | . . . . . . . . 6 6 4 5 4 . . Peak Build Rating 137 | 4 6 5 13 27 17 17 22 34 62 74 95 104 122 137 Average Rating 51 | 2 4 5 10 14 16 16 18 27 46 70 85 100 105 125 On Entrance 38 | . 4 5 5 13 15 17 16 18 30 62 74 91 104 122 Avg Prop Armor Cover (%) 10 | 33 32 . 15 1 1 . . . . . . . 9 . Naked Turns . | . . . . . . . . . . . . . . . Heaviest Build 48 | 2 3 3 3 9 9 9 19 25 25 32 33 33 35 48 Greatest Support 53 | 40 8 8 16 19 14 19 19 25 27 32 43 46 52 53 Greatest Overweight (x) 4 | . . . . . . . . . . . . . 4 1 Average Overweight (x) . | . . . . . . . . . . . . . . . Largest Inventory Capacity 15 | 5 5 5 5 5 5 5 10 10 10 10 10 10 10 15 Average Capacity 9 | 5 5 5 5 5 5 5 9 10 10 10 10 10 10 14 Most Carried 15 | 5 5 5 5 5 5 5 10 10 10 10 10 10 10 15 Average Carried 8 | 3 4 4 4 4 4 4 6 9 9 9 9 9 7 12 Final Capacity 10 | 5 5 5 5 5 5 5 10 10 10 10 10 10 10 5 Final Carried 10 | 5 5 5 5 5 5 5 10 9 10 10 10 10 9 5 Class Distribution -------------------- 19% | Scavenger-Scout 14% | Mutant 12% | Wizard-Scout 12% | Hacker-Scout 11% | Sprinter 10% | Scout 5% | Wizard-Mutant 3% | Hacker-Sprinter 3% | Infiltrator-Ninja Dominant Class ---------------- Mutant | -10/Materials Mutant | -10/Mines Mutant | -9/Materials Mutant | -9/Mines Mutant | -9/Exiles Sprinter | -8/Mines Scavenger-Scout | -8/Materials Scout | -7/Factory Sprinter | -6/Factory Hacker-Scout | -5/Factory Hacker-Scout | -4/Factory Hacker-Scout | -3/Research Wizard-Scout | -2/Research Wizard-Scout | -1/Access Resources | -11 -10 -10 -9 -9 -9 -8 -8 -7 -6 -5 -4 -3 -2 -1 ----------- Run | Yrd Mat Min Mat Min Exi Min Mat Fac Fac Fac Fac Res Res Acc Matter Collected 1570 | 270 36 42 50 23 . 64 3 327 160 138 40 50 96 271 Remotely . | . . . . . . . . . . . . . . . Salvage Created 3209 | 177 91 . . 42 . 17 82 906 845 341 158 58 209 283 Parts 211 | 14 8 . . 6 . 3 6 54 48 18 8 4 23 19 Haulers Intercepted 14 | . 1 . . . . . 2 4 4 1 1 . . 1 Recyclers Shooed 6 | . . . . . . . . 3 2 . . . 1 . Parts Field Recycled . | . . . . . . . . . . . . . . . Retrieved Matter . | . . . . . . . . . . . . . . . Parts Self-Destructed . | . . . . . . . . . . . . . . . Prevented . | . . . . . . . . . . . . . . . Parts Restored . | . . . . . . . . . . . . . . . Kills | -11 -10 -10 -9 -9 -9 -8 -8 -7 -6 -5 -4 -3 -2 -1 ------- Run | Yrd Mat Min Mat Min Exi Min Mat Fac Fac Fac Fac Res Res Acc Combat Hostiles Destroyed 16 | . 3 . . 1 . 1 . 3 . 2 . . 4 2 Melee 4 | . . . . . . . . 3 . 1 . . . . Guns 5 | . 3 . . 1 . 1 . . . . . . . . Cannons 3 | . . . . . . . . . . . . . 1 2 AOE 4 | . . . . . . . . . . 1 . . 3 . Classes Destroyed 12 | 3 2 . . . . . . 4 . 1 . 1 1 . Worker 11 | 2 . . . . . . . 3 4 . 2 . . . Builder 12 | . . . . . . . . 1 2 . . . 4 5 Tunneler 9 | 4 . . . 1 . . . . 4 . . . . . Hauler 14 | . 1 . . . . . 2 4 4 1 1 . . 1 Recycler 8 | 1 . . . . . . . 5 1 1 . . . . Mechanic 2 | . . . . . . . . 1 . 1 . . . . Operator 12 | . . . . . . . . 5 3 2 . 1 1 . Watcher 1 | . . . . . . . . . . . . 1 . . Swarmer 7 | . 3 . . 1 . 1 . 2 . . . . . . Cutter 4 | . . . . . . . . . . . . . 4 . Grunt 2 | . . . . . . . . . . 2 . . . . Programmer 3 | . . . . . . . . 1 . . . . . 2 Best Kill Streak 7 | 7 3 . . 1 . 1 2 4 4 4 2 1 4 2 Combat Bots Only 3 | . 3 . . 1 . 1 . 2 . 2 . . 3 2 Max Kills in Single Turn 3 | 1 1 . . 1 . 1 1 1 1 1 1 1 3 1 Gunslinging . | . . . . . . . . . . . . . . . Exploded 2 | . . . . . . . . . . 1 . . 2 . Melee 1 | . . . . . . . . 1 . 1 . . . . Uniques/NPCs Destroyed . | . . . . . . . . . . . . . . . Combat | -11 -10 -10 -9 -9 -9 -8 -8 -7 -6 -5 -4 -3 -2 -1 -------- Run | Yrd Mat Min Mat Min Exi Min Mat Fac Fac Fac Fac Res Res Acc Hostile Shots Fired 228 | . 8 . 15 19 . 11 2 17 11 3 . 4 71 67 Missed 97 | . 1 . 8 7 . 6 2 10 4 2 . 3 25 29 Hits 131 | . 7 . 7 12 . 5 . 7 7 1 . 1 46 38 Melee 20 | . . . . . . . . . . . . . 20 . Projectile 111 | . 7 . 7 12 . 5 . 7 7 1 . 1 26 38 Critical Strikes 15 | . . . . . . . . 1 . . . . 12 2 Damage Taken 2571 | . 58 . 69 138 . 77 . 104 132 19 90 16 1233 635 Core 726 | . . . 10 53 . . . 13 66 . 48 . 404 132 Absorbed by Shields . | . . . . . . . . . . . . . . . Regen/Repaired (Parts) 28 | . . . . . . . 28 . . . . . . . Core Remaining (%) 93 | 100 . 100 . . . 84 100 98 92 100 95 100 72 91 Volleys Fired 228 | 30 26 2 10 4 . 1 21 8 . 4 1 1 55 65 Largest 2 | 1 2 1 1 2 . 2 2 1 . 1 1 1 1 2 Hottest 190 | 20 60 20 20 50 . 50 60 60 . 85 85 85 105 190 Shots Fired 248 | 30 30 2 10 6 . 2 27 8 . 4 1 1 55 72 Gun 83 | 30 30 2 10 4 . 1 6 . . . . . . . Cannon 160 | . . . . 2 . 1 21 8 . 2 1 1 52 72 Launcher 5 | . . . . . . . . . . 2 . . 3 . Special . | . . . . . . . . . . . . . . . Kinetic 88 | 30 26 2 10 6 . 2 12 . . . . . . . Thermal 155 | . 4 . . . . . 15 8 . 2 1 1 52 72 Explosive 4 | . . . . . . . . . . 2 . . 2 . Electromagnetic 1 | . . . . . . . . . . . . . 1 . Robot Hit Streak 13 | 6 3 2 5 3 . 4 11 4 . . . . 8 13 Robot Miss Streak 2 | 2 2 . 2 1 . . 1 2 . . . 1 2 2 Penetration Max . | . . . . . . . . . . . . . . . Secondary Targets 1 | . 1 . . . . . . . . . . . . . Max Gunslinging Chain 1 | . 1 . . . . . . . . . . . . . Shots Hit Robots 192 | 21 16 2 6 4 . 1 12 38 34 16 6 2 13 21 Core Hits 99 | 12 7 . 1 3 . 1 2 20 13 8 2 2 18 10 Critical Kills 2 | 1 . . . . . . . . . . . . . 1 Critical Parts Destroyed . | . . . . . . . . . . . . . . . Critical Strikes 6 | 1 . . . . . . 1 1 1 1 . . . 1 Meltdown 1 | . . . . . . . . . . . . . . 1 Destroy 1 | 1 . . . . . . . . . . . . . . Blast 1 | . . . . . . . 1 . . . . . . . Sever 3 | . . . . . . . . 1 1 1 . . . . Melee Attacks 199 | . . . . . . . 10 58 62 36 16 4 13 . Impact 10 | . . . . . . . 10 . . . . . . . Slashing 189 | . . . . . . . . 58 62 36 16 4 13 . Piercing . | . . . . . . . . . . . . . . . Sneak Attacks 41 | . . . . . . . . 16 17 3 4 . 1 . Combat Hostiles . | . . . . . . . . . . . . . . . Follow-up Attacks . | . . . . . . . . . . . . . . . Damage Inflicted 8431 | 162 143 20 43 41 . 10 166 1986 2167 1151 467 100 1077 898 Guns 438 | 162 143 20 43 23 . 10 37 . . . . . . . Cannons 1423 | . . . . 18 . . 129 116 . . . . 262 898 Explosions 944 | . . . . . . . . . . 323 . . 621 . Melee 5621 | . . . . . . . . 1870 2167 828 467 100 189 . Ramming 5 | . . . . . . . . . . . . . 5 . Kinetic 550 | 162 131 20 43 41 . 10 143 . . . . . . . Thermal 1311 | . 12 . . . . . 23 116 . . . . 262 898 Explosive 911 | . . . . . . . . . . 323 . . 588 . Electromagnetic 33 | . . . . . . . . . . . . . 33 . Impact . | . . . . . . . . . . . . . . . Slashing 5621 | . . . . . . . . 1870 2167 828 467 100 189 . Piercing . | . . . . . . . . . . . . . . . Highest Corruption 5 | . 1 1 . . . . . 1 . . 1 . . 5 Average Corruption 1 | . 1 1 . . . . . 1 . . 1 . . 4 Corruption Purged 5 | . . . . . . . . . . . . . . 5 Corruption Blocked . | . . . . . . . . . . . . . . . Effects 11 | . . 1 . . . . . 3 . . 1 . . 6 Message Errors 2 | . . . . . . . . 1 . . . . . 1 Matter Fused 2 | . . . . . . . . . . . . . . 2 Energy Discharges 2 | . . . . . . . . . . . . . . 2 Parts Fused 1 | . . . . . . . . 1 . . . . . . Data Loss (minor) 2 | . . 1 . . . . . . . . 1 . . . Data Loss (major) 1 | . . . . . . . . 1 . . . . . . Weapon Failures 1 | . . . . . . . . . . . . . . 1 Overload Shots . | . . . . . . . . . . . . . . . Overflow Damage 1182 | . . . . . . . . 306 492 117 111 . 95 61 Projectiles 66 | . . . . . . . . . . . . . 5 61 Explosions 17 | . . . . . . . . . . . . . 17 . Melee 1099 | . . . . . . . . 306 492 117 111 . 73 . Knockbacks . | . . . . . . . . . . . . . . . Impact . | . . . . . . . . . . . . . . . Kinetic . | . . . . . . . . . . . . . . . Secondary . | . . . . . . . . . . . . . . . Self-Inflicted Damage 146 | . . . . . . . . . . . . . 146 . Shots 3 | . . . . . . . . . . . . . 3 . Rammed 6 | . . . . . . . . . . . . . 6 . Targets Rammed 6 | . . . . . . . . . . . . . 6 . Kicked . | . . . . . . . . . . . . . . . Crushed . | . . . . . . . . . . . . . . . Highest Temperature 260 | . 20 . . . . 16 84 84 30 105 151 14 160 260 Average Temperature 33 | . 10 . . . . 9 30 27 7 30 40 6 36 56 Received Heat Transfer 54 | . . . 18 . . . . 9 18 9 . . . . Siege Activations . | . . . . . . . . . . . . . . . Martial Activations . | . . . . . . . . . . . . . . . Shielding Activations . | . . . . . . . . . . . . . . . Robots Disrupted . | . . . . . . . . . . . . . . . Combat Hostiles . | . . . . . . . . . . . . . . . Robots Corrupted . | . . . . . . . . . . . . . . . Combat Hostiles . | . . . . . . . . . . . . . . . Parts Fried . | . . . . . . . . . . . . . . . Impact Corruptions . | . . . . . . . . . . . . . . . Robots Melted 1 | . . . . . . . . . . . . . . 1 Combat Hostiles . | . . . . . . . . . . . . . . . Parts Melted 4 | . . . . . . . . 2 . . . . 1 1 Heat Transferred 1394 | . 25 . . . . . 37 185 . . . . 296 851 Parts Sabotaged . | . . . . . . . . . . . . . . . Parts Stolen . | . . . . . . . . . . . . . . . Parts Stripped . | . . . . . . . . . . . . . . . Power Chain Reactions . | . . . . . . . . . . . . . . . Alert | -11 -10 -10 -9 -9 -9 -8 -8 -7 -6 -5 -4 -3 -2 -1 ------- Run | Yrd Mat Min Mat Min Exi Min Mat Fac Fac Fac Fac Res Res Acc Maximum Alert Level 1 | . . . . . . . . 1 . . . . . . Low Security (%) 97 | 100 100 100 100 100 . 100 100 82 100 100 100 100 100 100 Level 1 2 | . . . . . . . . 17 . . . . . . Level 2 . | . . . . . . . . . . . . . . . Level 3 . | . . . . . . . . . . . . . . . Level 4 . | . . . . . . . . . . . . . . . Level 5 . | . . . . . . . . . . . . . . . High Security . | . . . . . . . . . . . . . . . Max Security . | . . . . . . . . . . . . . . . Peak Influence 248 | 15 75 25 70 47 . 25 37 248 137 169 114 7 187 119 Initial 113 | . 6 25 . 27 . . . . 113 18 72 . . 108 Average 46 | 3 25 7 22 8 . 9 2 91 85 94 61 1 63 42 Influence Increases 2454 | 35 132 15 110 40 . 35 114 515 366 271 122 18 464 217 Destroy 0b10 Robot/C 320 | . 60 . . 20 . 20 . 60 . 40 . . 80 40 Destroy 0b10 Robot/NC 330 | 35 5 . . 5 . . 10 85 85 25 15 10 25 30 Destroy Leader 70 | . 12 . . . . . 4 18 8 2 2 2 10 12 Trap Triggered on 0b10 20 | . . . 20 . . . . . . . . . . . Successful Hack 325 | . 25 . . . . . 11 50 116 49 10 . 31 33 Disable Machine 150 | . . . . . . . . 45 15 45 15 . 15 15 Destroy Structure 339 | . . . . . . . 14 17 22 50 20 6 123 87 Partial Spotted 195 | . 15 15 . . . . 30 30 45 15 30 . 15 . Lose Combat Pursuer 705 | . 15 . 90 15 . 15 45 210 75 45 30 . 165 . Influence Decreases 2454 | 25 76 81 40 110 . 35 114 283 560 160 269 20 282 399 Entered New Map 380 | . 4 41 . 43 . . . . 119 20 77 2 . 74 Time Decay 1808 | 25 72 40 40 47 . 35 114 283 340 140 136 18 222 296 Lost Part 114 | . . . . 20 . . . . 5 . 10 . 60 19 Lost Ally 20 | . . . . . . . . . . . 10 . . 10 Purge Threat 132 | . . . . . . . . . 96 . 36 . . . Squads Dispatched 27 | . . . 1 . . . 1 3 6 2 6 . 5 3 Investigation 3 | . . . . . . . . 1 1 . . . . 1 Extermination 11 | . . . . . . . . 2 2 1 1 . 3 2 Reinforcement 12 | . . . 1 . . . 1 . 2 1 5 . 2 . Assault 1 | . . . . . . . . . 1 . . . . . Garrison . | . . . . . . . . . . . . . . . Intercept . | . . . . . . . . . . . . . . . Searches Triggered . | . . . . . . . . . . . . . . . Construction Impeded 2 | . . . . . . . . . . . 1 . 1 . Haulers Reinforced 3 | . . . . . . . . . 1 1 1 . . . Active Scanning Responses . | . . . . . . . . . . . . . . . Cargo Convoy Interrupts . | . . . . . . . . . . . . . . . Stealth | -11 -10 -10 -9 -9 -9 -8 -8 -7 -6 -5 -4 -3 -2 -1 --------- Run | Yrd Mat Min Mat Min Exi Min Mat Fac Fac Fac Fac Res Res Acc Distress Signals 19 | . 2 . 3 . . . . 5 1 . 2 2 2 2 Communications Jammed 4 | . . . . . . . . . . . . . . 4 Distress Signals 4 | . . . . . . . . . . . . . . 4 Times Spotted 140 | . 14 . 18 10 . 5 6 31 12 8 . 7 13 16 Peak Tracking Total 15 | . 5 . 10 15 . 4 3 7 5 4 3 5 11 7 Tactical Retreats 32 | . 1 . 3 1 . 1 3 9 3 2 1 . 5 3 ECM-based Alert Blocks 10 | . . . . . . . . . 1 . . . 1 8 Traps | -11 -10 -10 -9 -9 -9 -8 -8 -7 -6 -5 -4 -3 -2 -1 ------- Run | Yrd Mat Min Mat Min Exi Min Mat Fac Fac Fac Fac Res Res Acc Traps Triggered 7 | . . . . . . . . 3 1 . 1 . 2 . Indirectly . | . . . . . . . . . . . . . . . Trap Hack Attempts . | . . . . . . . . . . . . . . . Triggered . | . . . . . . . . . . . . . . . Disarmed . | . . . . . . . . . . . . . . . Reprogrammed . | . . . . . . . . . . . . . . . Reused 2 | . . . 2 . . . . . . . . . . . Traps Extracted . | . . . . . . . . . . . . . . . Installed 2 | . . . 2 . . . . . . . . . . . Triggered 2 | . . . 2 . . . . . . . . . . . Most Traps Carried 2 | . . 2 2 . . . . . . . . . . . Machines | -11 -10 -10 -9 -9 -9 -8 -8 -7 -6 -5 -4 -3 -2 -1 ---------- Run | Yrd Mat Min Mat Min Exi Min Mat Fac Fac Fac Fac Res Res Acc Machines Disabled 10 | . . . . . . . . 3 1 3 1 . 1 1 Max in Single Turn 2 | . . . . . . . . 1 1 2 1 . 1 1 Garrison Access 1 | . . . . . . . . . 1 . . . . . Machines Repaired . | . . . . . . . . . . . . . . . Machines Dismantled . | . . . . . . . . . . . . . . . Machines Sabotaged . | . . . . . . . . . . . . . . . Overloaded Fab Kills . | . . . . . . . . . . . . . . . Hacking | -11 -10 -10 -9 -9 -9 -8 -8 -7 -6 -5 -4 -3 -2 -1 --------- Run | Yrd Mat Min Mat Min Exi Min Mat Fac Fac Fac Fac Res Res Acc Machines Accessed 67 | . 5 . 2 1 2 . 4 13 16 8 4 1 5 6 Terminals 42 | . 3 . 2 . . . 3 8 7 5 3 1 4 6 Fabricators 1 | . . . . . . . . . 1 . . . . . Repair Stations 7 | . . . . . . . 1 1 3 1 1 . . . Recycling Units 7 | . 2 . . . . . . 2 2 1 . . . . Scanalyzers 4 | . . . . . . . . 1 1 1 . . 1 . Garrison Access 3 | . . . . . . . . 1 2 . . . . . Total Hacks 152 | . 15 . 4 1 2 . 10 24 33 18 13 4 13 15 Successful 71 | . 4 . . 1 2 . 6 9 13 6 9 3 8 10 Failed 81 | . 11 . 4 . . . 4 15 20 12 4 1 5 5 Catastrophic 13 | . 4 . . . . . . 5 2 1 . . 1 . Database Lockouts . | . . . . . . . . . . . . . . . Manual 64 | . 8 . . . 1 . 6 8 12 8 5 2 7 7 Terminals 99 | . 10 . 4 . . . 8 15 14 11 10 4 8 15 Fabricators 2 | . . . . . . . . . 2 . . . . . Repair Stations 15 | . . . . . . . 2 1 6 3 3 . . . Recycling Units 14 | . 5 . . . . . . 3 4 2 . . . . Scanalyzers 12 | . . . . . . . . 3 2 2 . . 5 . Garrison Access 7 | . . . . . . . . 2 5 . . . . . Terminal Hacks 35 | . 3 . . 1 2 . 3 1 4 1 6 3 3 8 Record 1 | . . . . . 1 . . . . . . . . . Open Door 2 | . . . . 1 . . . . . . . . . 1 Level Access Points 5 | . . . . . . . . . 1 . 1 1 1 1 Branch Access Points 2 | . . . . . . . . . 1 1 . . . . Terminal Index 1 | . . . . . . . . . . . . . . 1 Unreport Threat 3 | . . . . . . . . . 1 . 2 . . . Locate Traps 1 | . . . . . . . . . . . . . 1 . Maintenance Status 1 | . . . . . . . . . . . . 1 . . Hauler Manifests 5 | . 1 . . . . . 1 1 . . 1 1 . . Registered Components 4 | . . . . . . . 1 . 1 . 1 . . 1 Registered Prototypes 1 | . 1 . . . . . . . . . . . . . Zone Layout 8 | . 1 . . . . . 1 . . . 1 . 1 4 Proto ID Catalog 1 | . . . . . 1 . . . . . . . . . Fabricator Hacks . | . . . . . . . . . . . . . . . Repair Station Hacks 6 | . . . . . . . 2 . 2 1 1 . . . Scan Component 3 | . . . . . . . 1 . . 1 1 . . . Repair 1 | . . . . . . . 1 . . . . . . . Refit 2 | . . . . . . . . . 2 . . . . . Recycling Unit Hacks 5 | . . . . . . . . 2 2 1 . . . . Retrieve Components 5 | . . . . . . . . 2 2 1 . . . . Scanalyzer 8 | . . . . . . . . 2 1 1 . . 4 . Insert Component 2 | . . . . . . . . 1 . 1 . . . . Retrieve Study 6 | . . . . . . . . 1 1 . . . 4 . Garrison Access Hacks 1 | . . . . . . . . . 1 . . . . . Seal Access 1 | . . . . . . . . . 1 . . . . . Unauthorized Hacks 16 | . 1 . . . . . 1 4 3 2 2 . 1 2 Terminals 15 | . 1 . . . . . 1 3 3 2 2 . 1 2 Assimilate 9 | . 1 . . . . . . 2 1 2 1 . 1 1 Botnet 3 | . . . . . . . . . 1 . 1 . . 1 Operators 3 | . . . . . . . 1 1 1 . . . . . Fabricators . | . . . . . . . . . . . . . . . Repair Stations . | . . . . . . . . . . . . . . . Recycling Units 1 | . . . . . . . . 1 . . . . . . Recyclers 1 | . . . . . . . . 1 . . . . . . Scanalyzers . | . . . . . . . . . . . . . . . Garrison Access . | . . . . . . . . . . . . . . . Data Cores Recovered 4 | . . . . . . . . 1 . 1 . 1 1 . Used 2 | . . . . . . . . 1 . . . 1 . . Hacking Detections 52 | . 5 . 2 . . . 3 10 12 7 3 1 5 4 Full Trace Events 5 | . 1 . . . . . 1 1 1 . . . . 1 Feedback Events 1 | . 1 . . . . . . . . . . . . . Corruption 1 | . 1 . . . . . . . . . . . . . Feedback Blocked 1 | . . . . . . . . . . . . . . 1 Robot Schematics Acquired . | . . . . . . . . . . . . . . . Robots Built . | . . . . . . . . . . . . . . . Authchips . | . . . . . . . . . . . . . . . Time . | . . . . . . . . . . . . . . . Total Robot Build Rating . | . . . . . . . . . . . . . . . Part Schematics Acquired . | . . . . . . . . . . . . . . . Parts Built . | . . . . . . . . . . . . . . . Authchips . | . . . . . . . . . . . . . . . Time . | . . . . . . . . . . . . . . . Total Part Build Rating . | . . . . . . . . . . . . . . . Part Studies Acquired 6 | . . . . . . . . 1 1 . . . 4 . Parts Repaired 1 | . . . . . . . 1 . . . . . . . Time 51 | . . . . . . . 51 . . . . . . . Parts Recycled . | . . . . . . . . . . . . . . . Recycled Matter . | . . . . . . . . . . . . . . . Retrieved Matter . | . . . . . . . . . . . . . . . Retrieved Components 13 | . . . . . . . . 5 5 3 . . . . Parts Scanalyzed . | . . . . . . . . . . . . . . . Part Schematics Acquired . | . . . . . . . . . . . . . . . Parts Damaged . | . . . . . . . . . . . . . . . Bothacking | -11 -10 -10 -9 -9 -9 -8 -8 -7 -6 -5 -4 -3 -2 -1 ------------ Run | Yrd Mat Min Mat Min Exi Min Mat Fac Fac Fac Fac Res Res Acc Used RIF Installer . | . . . . . . . . . . . . . . . Robots Hacked . | . . . . . . . . . . . . . . . Non-combat . | . . . . . . . . . . . . . . . Combat . | . . . . . . . . . . . . . . . Robot Hacks Applied . | . . . . . . . . . . . . . . . Relay Couplers Released . | . . . . . . . . . . . . . . . Fabnet Peak Effective % . | . . . . . . . . . . . . . . . Robots Rewired . | . . . . . . . . . . . . . . . Allies Hacked . | . . . . . . . . . . . . . . . Hacks Repelled . | . . . . . . . . . . . . . . . Allies | -11 -10 -10 -9 -9 -9 -8 -8 -7 -6 -5 -4 -3 -2 -1 -------- Run | Yrd Mat Min Mat Min Exi Min Mat Fac Fac Fac Fac Res Res Acc Total Allies 7 | . . . . 2 . . . 2 1 1 . . 1 . Largest Group 2 | . . . . 2 1 . . 1 . 1 1 . 1 1 Highest-Rated Group 47 | . . . . 47 31 . . 26 . 26 26 . 26 26 Highest-Rated Ally 31 | . . . . 31 31 . . 26 . 26 26 . 26 26 Total Orders 3 | . . . . . . . . 2 1 . . . . . STAY 3 | . . . . . . . . 2 1 . . . . . Ally Attacks 2 | . . . . 2 . . . . . . . . . . Total Damage . | . . . . . . . . . . . . . . . Kills . | . . . . . . . . . . . . . . . Allies Corrupted . | . . . . . . . . . . . . . . . Allies Melted . | . . . . . . . . . . . . . . . Intel | -11 -10 -10 -9 -9 -9 -8 -8 -7 -6 -5 -4 -3 -2 -1 ------- Run | Yrd Mat Min Mat Min Exi Min Mat Fac Fac Fac Fac Res Res Acc Active Infowar (turns) 5639 | 6 122 54 134 284 90 89 1251 769 787 296 330 132 572 723 Terrain 527 | . . . . . . . . . . . . . . 527 Structural 3853 | . 23 54 134 281 90 89 1112 605 616 290 330 132 97 . Seismic 3143 | 6 122 54 134 252 90 89 1113 616 667 . . . . . T.N.C. 4106 | . . . . . . . 1172 769 399 296 330 132 485 523 Machine Analysis 1427 | . . . . . . . . . . . . 132 572 723 Cloaking 341 | . . . . . . . . . . . . . . 341 Jamming 271 | . . . . . . . . . . . . . . 271 ECM 274 | . . . . . . . . . 15 . . . 91 168 Robot Analysis Total . | . . . . . . . . . . . . . . . Derelict Logs Recovered 1 | . . 1 . . . . . . . . . . . . Drone Launches . | . . . . . . . . . . . . . . . Drone Recoveries . | . . . . . . . . . . . . . . . Exploration | -11 -10 -10 -9 -9 -9 -8 -8 -7 -6 -5 -4 -3 -2 -1 ------------- Run | Yrd Mat Min Mat Min Exi Min Mat Fac Fac Fac Fac Res Res Acc Turns Passed 5907 | 130 175 143 134 286 90 89 1251 769 787 296 330 132 572 723 Spaces Moved 9064 | 65 234 362 262 445 205 236 667 1624 1490 754 664 241 1065 750 Core 189 | 37 151 . . . . . . . . . . . 1 . Treads 28 | 28 . . . . . . . . . . . . . . Legs . | . . . . . . . . . . . . . . . Wheels . | . . . . . . . . . . . . . . . Hover . | . . . . . . . . . . . . . . . Flight 8847 | . 83 362 262 445 205 236 667 1624 1490 754 664 241 1064 750 Fastest Speed 17 | 50 37 37 31 31 34 31 31 27 23 20 17 20 18 19 Average Speed 26 | 97 45 37 38 33 34 31 31 27 24 20 17 20 20 22 Slowest Speed 250 | 160 50 37 40 40 34 31 31 31 27 20 24 21 250 96 Overloaded Moves . | . . . . . . . . . . . . . . . Propulsion Burnouts . | . . . . . . . . . . . . . . . Robots Hopped 84 | . 1 4 7 5 . 8 5 19 3 6 2 4 5 15 Potential Cave-ins 3 | . . . . . . . . . . . . . . 3 Cave-ins Triggered . | . . . . . . . . . . . . . . . Exploration Rate (%) 39 | 5 47 65 32 74 60 59 44 48 55 24 18 11 34 17 Regions Visited 14 Branch Regions 4 Pre-discovered Areas 1 | . . . . . 1 . . . . . . . . . Known Exits Taken 5 | . . . . . . . . 1 1 . 1 1 1 . Unknown Exits Taken 9 | 1 1 1 1 1 1 1 1 . . 1 . . . . Scrap Searched 4 | . . 2 . 1 . 1 . . . . . . . . Spaces Dug 125 | . . . . . . . 11 17 22 14 10 2 29 20 Terrain Destroyed 195 | . . . . . . . 14 17 22 28 10 3 61 40 Melee 77 | . . . . . . . 8 17 22 13 9 2 6 . Projectile 83 | . . . . . . . 6 . . 2 1 1 33 40 AOE 35 | . . . . . . . . . . 13 . . 22 . Terrain Rammed . | . . . . . . . . . . . . . . . Walls Destroyed . | . . . . . . . . . . . . . . . Machines Disabled . | . . . . . . . . . . . . . . . Actions | -11 -10 -10 -9 -9 -9 -8 -8 -7 -6 -5 -4 -3 -2 -1 --------- Run | Yrd Mat Min Mat Min Exi Min Mat Fac Fac Fac Fac Res Res Acc Total 11929 | 105 277 365 278 570 226 242 1664 1831 1822 838 851 314 1325 1221 Wait 2206 | . 8 . 3 110 16 10 950 107 239 27 154 58 147 377 Move 8887 | 64 231 353 247 434 204 219 656 1588 1483 742 659 232 1054 721 Hop 78 | . 1 4 7 5 . 8 5 16 3 5 2 4 5 13 Pick Up 76 | 6 2 2 1 4 3 2 6 9 8 7 6 5 7 8 Fast Attach 52 | 4 3 . 1 5 . . 3 8 3 2 3 2 12 6 Attach 48 | . 1 . 2 2 . . 2 6 2 3 4 3 12 11 Detach 32 | . 1 . 1 1 . . 5 3 2 1 . . 5 13 Swap 39 | . . 1 2 . . . 2 15 8 3 . . 5 3 Drop 72 | 1 4 3 2 5 3 2 4 13 12 8 6 5 . 4 Fire 228 | 30 26 2 10 4 . 1 21 8 . 4 1 1 55 65 Melee 199 | . . . . . . . 10 58 62 36 16 4 13 . Ram 6 | . . . . . . . . . . . . . 6 . Kick . | . . . . . . . . . . . . . . . Crush . | . . . . . . . . . . . . . . . Escape Stasis 4 | . . . . . . . . . . . . . 4 . Rewire . | . . . . . . . . . . . . . . . Trap 2 | . . . 2 . . . . . . . . . . . Miscellaneous . | . . . . . . . . . . . . . . . Route ------- -11/Scrapyard -10/Materials (discovered 2 exits: [*Min x2]) -10/Mines -9/Materials (discovered 4 exits: *Mat / *Min / [*Sto x2]) -9/Mines (discovered 2 exits: *Mat / *Exi) -9/Exiles -8/Mines -8/Materials (discovered 2 exits: *Fac x2) -7/Factory (discovered 2 exits: *Fac x2) -6/Factory (discovered 6 exits: *Fac x4 / Low x2) -5/Factory (discovered 6 exits: *Fac x2 / *Upp x2 / Ext x2) -4/Factory (discovered 4 exits: *Res x4) -3/Research (discovered 3 exits: *Res x3) -2/Research (discovered 3 exits: *Acc x3) -1/Access To Epsilon Eridani History --------- Turn | Location | Event 4 | -11/Scrapyard | Discovered new exit (range 16) 131 | -11/Scrapyard | Entered Materials 132 | -10/Materials | Met a group of wandering Federalists 281 | -10/Materials | Discovered new exit (range 13) 292 | -10/Materials | Discovered new exit (range 14) 306 | -10/Materials | Entered Mines 311 | -10/Mines | Build established: Mutant 314 | -10/Mines | Found a hidden stash of uninstalled traps 343 | -10/Mines | Met a Derelict bent on vengeance 374 | -10/Mines | Learned Materials terminal intel 443 | -10/Mines | Discovered new exit (range 10) 449 | -10/Mines | Entered Materials 449 | -9/Materials | Evolved 2 slots: Propulsion x2 450 | -9/Materials | Loaded intel: 12 terminal locations 517 | -9/Materials | Discovered new exit (range 14) 554 | -9/Materials | Discovered new exit (range 4) 573 | -9/Materials | Discovered new exit (range 13) 575 | -9/Materials | Discovered new exit (range 16) 583 | -9/Materials | Entered Mines 587 | -9/Mines | Assembled infested the area 665 | -9/Mines | Met a Derelict testing a Signal Generator 670 | -9/Mines | Found Signal Generator 678 | -9/Mines | Discovered new exit (range 9) 736 | -9/Mines | Found the Drone Emporium 739 | -9/Mines | Found Prototype Device 743 | -9/Mines | Identified Decoy Drone Bay 844 | -9/Mines | Deemed a non-threat by the Exiles lab entrance 844 | -9/Mines | Discovered new exit (range 5) 869 | -9/Mines | Entered Exiles 869 | -9/Exiles | Accompanied by 1 ally 892 | -9/Exiles | Met 8R-AWN 899 | -9/Exiles | Led the pair of lost Derelicts to a safe place 902 | -9/Exiles | Met EX-HEX 912 | -9/Exiles | Met EX-BIN 916 | -9/Exiles | Aligned with FarCom system 916 | -9/Exiles | Given EX-Vault access code 925 | -9/Exiles | Opened EX-Vault 927 | -9/Exiles | Found Modified TNC 935 | -9/Exiles | Warned to stay clear of 0b10 Research branches 944 | -9/Exiles | Met EX-DEC 946 | -9/Exiles | Learned location of Zion (-7) 956 | -9/Exiles | Discovered new exit (range 14) 959 | -9/Exiles | Left Exiles lab with Modified TNC 959 | -9/Exiles | Entered Mines 1045 | -8/Mines | Discovered new exit (range 9) 1048 | -8/Mines | Entered Materials 1048 | -8/Materials | Evolved 2 slots: Utility x2 1417 | -8/Materials | Build established: Scavenger-Scout 2010 | -8/Materials | Discovered new exit (range 4) 2071 | -8/Materials | Repaired Imp. Flight Unit? 2148 | -8/Materials | Discovered new exit (range 3) 2299 | -8/Materials | Entered Factory 2299 | -7/Factory | Evolved 2 slots: Power x1, Propulsion x1 2525 | -7/Factory | Discovered new exit (range 4) 2998 | -7/Factory | Build established: Scout 3039 | -7/Factory | Discovered new exit (range 5) 3042 | -7/Factory | Identified exit to Factory 3068 | -7/Factory | Entered another Factory area 3068 | -6/Factory | Evolved 2 slots: Utility x2 3189 | -6/Factory | Discovered new exit (range 15) 3469 | -6/Factory | Identified exit to Lower Caves 3726 | -6/Factory | Identified exit to Factory 3855 | -6/Factory | Entered another Factory area 3855 | -5/Factory | Evolved 2 slots: Propulsion x1, Utility x1 3951 | -5/Factory | Discovered new exit (range 6) 3956 | -5/Factory | Identified exit to Upper Caves 3956 | -5/Factory | Identified exit to Extension 3972 | -5/Factory | Discovered new exit (range 7) 4139 | -5/Factory | Discovered new exit (range 12) 4151 | -5/Factory | Entered another Factory area 4151 | -4/Factory | Accompanied by 1 ally 4151 | -4/Factory | Evolved 2 slots: Propulsion x1, Utility x1 4182 | -4/Factory | Build established: Hacker-Scout 4309 | -4/Factory | Identified exit to Research 4481 | -4/Factory | Entered Research 4481 | -3/Research | Evolved 2 slots: Utility x2 4503 | -3/Research | Identified exit to Research 4526 | -3/Research | Found Prototype Launcher 4538 | -3/Research | Found Prototype Hackware 4613 | -3/Research | Entered another Research area 4613 | -2/Research | Evolved 2 slots: Propulsion x1, Utility x1 4711 | -2/Research | Identified Com. Tesla Bomb Launcher 4779 | -2/Research | Lost 11 parts (2p5n2u2w) 4779 | -2/Research | Identified Exp. Hacking Suite 4955 | -2/Research | Spotted B-90 Cyclops 4981 | -2/Research | Identified exit to Access 5185 | -2/Research | Entered Access 5185 | -1/Access | Accompanied by 1 ally 5185 | -1/Access | Evolved 2 slots: Utility x2 5430 | -1/Access | Identified exit to Surface 5885 | -1/Access | Spotted B-99 Colossus 5908 | *** | Escaped! Last Messages --------------- 05892_ Slug penetrates Wall. 05892_ Dropped Lrg. Storage Unit. 05893_ Acquired Imp. Hacking Suite. 05895_ Slug penetrates Wall. 05895_ Penetrated by Slug. 05899_ Adv. Surge Thruster destroyed. 05899_ Penetrated by Slug. 05899_ Slug penetrates Wall. 05899_ Penetrated by Slug. 05899_ Slug penetrates Wall. 05901_ C-30 ARC bursts open, deploying its payload. 05901_ P-80 Master unfolds itself. 05901_ Impulse Thruster+ destroyed. 05901_ Dropped Lgt. Ion Engine. 05901_ K-01 Serf collects debris. 05905_ Connecting with Terminal... >>Open(Door) Sealed Barrier opened. 05906_ Terminal disabled. 05906_ The Access Shell folds into the floor. Map ----- +----------------------------------------------------+ | ?????????????????????????????????????????????????? | | ?????????????????????????????????????????????????? | | ?????????????????????????????????????????????????? | | ?????????????????????????????????????????????????? | | ?????????????????????????????????????????????????? | | ?????????????????????????????????????????????????? | | ?????????????????????????????????????????????????? | | ?????????????????????????????????????????????????? | | ?????????????????????????????????????????????????? | | ?????????????????????????????????????????????????? | | ?????????????????????????????????????????????????? | | ?????????????????????????????????????????????????? | | ?????????????????????????????????????????????????? | | ?????????????????????????????????????????????????? | | ?????????????????????BB????BB????????????????????? | | ?????????????????????BB????BB????????????????????? | | ?????????????????????????????????????????????????? | | ?????????????????????????????????????????????????? | | ?????????????????????????????????????????????????? | | ?????????????????????????????????????????????????? | | ???????????????????#""""""""""#??????????????????? | | ???????????????????# #??????????????????? | | ???????????????????# #??????????????????? | | ???????????????????# #??????????????????? | | ???????????????????# "" #??????????????????? | | ???????????????????# "@ #??????????????????? | | ???????????????????# #??????????????????? | | ???????????????????# #??????????????????? | | ???????????????????# #??????????????????? | | ??????????????????## ##?????????????????? | | ??????????????????# #?????????????????? | | ??????????????????##"" ##?????????????????? | | ???????????????????#" #??????????????????? | | ???????????????????#"" #??????????????????? | | ???????????????????#T #??????????????????? | | ???????????????????#"" #??????????????????? | | ???????????????????#"" #??????????????????? | | ???????????????????#"" ######## #?????????? | | ?????????????? p "%" #?????????? | | ?????????????? p * #?????????? | | ??????????????#################p##### #?????????? | | ????????????????##############"##????????????????? | | ????????????????# ][ p##?????????????????? | | ????????????????# ]! ] #??????????????????? | | ???????????=????# !!!!] #??????????????????? | | ????????????????# !!]] #??????????????????? | | ????????????????# !! ! #??????????????????? | | ????????????????# #??????????????????? | | ????????????????####"+#""""####??????????????????? | | ??????????????????# #???????????????????? | +----------------------------------------------------+ Best States ------------- Heat Dissipation 83 Energy Generation 33 Energy Capacity 200 Matter Stores 300 Matter Capacity 300 Sight Range 16 Terrain Scan Range 14 Terrain Scan Density 85 ECM Strength 2 Jamming Range 14 Cloak Strength 3 Power Amplification 30 Armor Coverage 300 Evasion (%) 66 Recoil Reduction 2 Offensive Hacking 70 Defensive Hacking 30 Item Schematics ----------------- None Robot Schematics ------------------ None Fabricated ------------ Nothing Repaired ---------- Imp. Flight Unit | 30% | -8/Materials Studied --------- Mic. Nuclear Core | -7/Factory | Hacked Xenon Bombardment Thruster | -6/Factory | Hacked Mic. Antimatter Reactor | -2/Research | Hacked Impulse Thruster | -2/Research | Hacked Q-thruster | -2/Research | Hacked Mic. Fission Core | -2/Research | Hacked Alien Tech Used ----------------- None Achievements -------------- None Challenges ------------ None Game ------ Seed SuperchargedAmuletWings Manual? 0 Play Time 01:32:41 Cumulative 212.8 hours Start 2026.04.17 @ 06:45:34 End 2026.04.17 @ 08:17:01 Sessions 1 Manual Loads 0 Difficulty Rogue Special Mode None Game No. 137 Rogue 133 Adventurer 4 Explorer 0 Win Type 0 Total 40 Types 39/0/1/0/0/0/0/0/0/0 Lore% 85 Gallery% 62 Achievement% 57 Wizard Run 0 Options --------- Layout 0 ASCII 0 Keyboard 1 Movement Vi Keybinds 1 Fullscreen 1 Font 18/SmallcapsGlow Map View 76x50 Zoom Use 0% Tactical HUD 1 Map Filters NONE Filters NONE Steam 1 RUN: 9404c661-3e39-4efa-ad61-1daf385f45a7